 Dungeon Crawl Stone Soup version 0.24.0-13-gcf9b3192b9 (webtiles) character file.

Game seed: 11331619879126678338, levelgen mode: deterministic

3 Monsterracer the Poker (level 1, -5/14 HPs)
             Began as a Tengu Chaos Knight on Nov 7, 2019.
             Was a Plaything of Xom.
             Slain by a hog (shapeshifter) (7 damage)
             ... on level 1 of the Dungeon.
             The game lasted 00:00:10 (213 turns).

Monsterracer the Poker (Tengu Chaos Knight)          Turns: 213, Time: 00:00:11

Health: -5/14      AC:  5    Str: 12    XL:     1   Next: 50%
Magic:  2/2        EV: 16    Int: 17    God:    Xom [.....*]
Gold:   0          SH:  0    Dex: 18    Spells: 0/0 levels left

rFire    . . .     SeeInvis .   a - +0 spear (chaos)
rCold    . . .     Gourm    .   (no shield)
rNeg     . . .     Faith    .   b - +2 leather armour
rPois    .         Spirit   .   (helmet restricted)
rElec    .         Reflect  .   (no cloak)
rCorr    .         Harm     .   (no gloves)
MR       .....                  (boots unavailable)
Stlth    ++........             (no amulet)
HPRegen  0.04/turn              (no ring)
MPRegen  0.08/turn              (no ring)

@: brilliant, agile
A: beak, talons 3
a: Renounce Religion


You were on level 1 of the Dungeon.
You worshipped Xom.
You were Xom's teddy bear.
You were not hungry.

You visited 1 branch of the dungeon, and saw 1 of its levels.

Inventory:

Hand Weapons
 a - a +0 spear of chaos (weapon)
Armour
 b - a +2 leather armour (worn)
Potions
 d - a potion of agility {unknown}
Comestibles
 c - a ration


   Skills:
 + Level 3.0 Fighting
 * Level 3.4 Polearms
 - Level 2.1 Armour
 - Level 1.1 Dodging


You couldn't memorise any spells.
You didn't know any spells.
Your spell library was empty.

Dungeon Overview and Level Annotations

Branches:
Dungeon (1/15)

Altars:


Innate Abilities, Weirdness & Mutations

You have a beak for a mouth.
You have claws for feet.


Message History

The ball python hisses angrily.
A ball python is nearby!
Attack whom?
Press: ? - help, Dir - move target cursor, f - ball python
Aim: a ball python You reach to attack!
You barely miss the ball python. You hit the ball python.
Space bends around the ball python.
You kill the ball python!
Found 11 stones.
No target in view!
Found a scale mail.
No target in view!
Found a scale mail.
No target in view!
No target in view!
d - an amethyst potion No target in view!
A rat comes into view.
Attack whom?
Press: ? - help, Dir - move target cursor, f - rat
Aim: a rat You reach to attack!
You closely miss the rat. You barely miss the rat. You claw the rat.
You kill the rat!
You see here a rat corpse.
Found a stone staircase leading down.
No target in view!
There is a stone staircase leading down here.
You open the door.
There is an open door here.
You open the door.
There is an open door here.
You open the door.
There is an open door here.
You open the door.
There is an open door here.
Found a spear.
No target in view!
You see here a spear.
Key pressed, stopping explore.
No target in view!
No target in view!
A bat comes into view.
The bat hits you but does no damage.
A bat is nearby!
You closely miss the bat. The bat closely misses you.
Attack whom?
Press: ? - help, Dir - move target cursor, f - bat
Aim: a bat You reach to attack!
You hit the bat.
You kill the bat!
A kobold comes into view. It is wielding a +0 dagger.
The kobold shouts!
A kobold is nearby!
The kobold throws a stone.
The stone misses you.
The kobold throws a stone.
The stone completely misses you.
A kobold is nearby!
A kobold is nearby!
You hit the kobold.
The kobold is poisoned.
The kobold is severely wounded.
The kobold hits you but does no damage.
You barely miss the kobold. You claw the kobold.
You kill the kobold!
A kobold comes into view.
It is wielding a +2 short sword of speed.
Things that are here:
a +0 dagger; 2 stones; a kobold corpse A kobold is nearby!
You hit the kobold but do no damage.
The kobold changes into a shapeshifter!
Xom is amused.
You claw the shapeshifter.
The shapeshifter is lightly wounded.
Xom smiles on you.
You feel clever all of a sudden.
The shapeshifter changes into a hog!
You hit the hog. You peck the hog.
The hog is moderately wounded.
A hog is nearby!
You hit the hog. You freeze the hog. You claw the hog.
The hog is heavily wounded.
The hog bites you. The hog bites you!
Ouch! That really hurt!
* * * LOW HITPOINT WARNING * * *
Xom thinks this is hilarious!
A shower of butterflies erupts from you!
You swap places.
The hog bites your butterfly!
Your butterfly dies!
Attack whom?
Press: ? - help, Dir - move target cursor, f - hog
Aim: a hog shaped shifter (heavily wounded)
You reach to attack!
You barely miss the hog.
The hog is heavily wounded.
You hit the hog. Lightning courses through the hog! You claw the hog.
The hog is almost dead.
Xom smiles on you.
You feel agile all of a sudden.
You are now Xom's teddy bear.
The hog bites you!
Ouch! That really hurt!
You die...
Xom howls with laughter!

..........##.#.#####
#.....#(.##.#...#
..#.....#..##.#...#
.......(...##.#.....
...#......##.#...##.
# #......##.#...# #
#...#..##.#...#
##)##..# #...#
#h@...#
......b.#.......
..........#.##.#
#.......### #
##....... ##......
#...... #.......


You could see a hog shaped shifter.

Vanquished Creatures
  A kobold (D:1)
  A ball python (D:1)
  A bat (D:1)
  A rat (D:1)
4 creatures vanquished.

Notes
Turn   | Place    | Note
-------+----------+-------------------------------------------
     0 | D:1      | Monsterracer the Tengu Chaos Knight began the quest for the
                  | Orb.
     0 | D:1      | Reached XP level 1. HP: 14/14 MP: 2/2
   208 | D:1      | Noticed a shapeshifter
   208 | D:1      | a kobold changed into a shapeshifter
   208 | D:1      | XOM: potion effect (brilliance)
   208 | D:1      | Noticed a hog
   208 | D:1      | a shapeshifter changed into a hog
   210 | D:1      | HP: 2/14 [hog (shapeshifter) (10)]
   210 | D:1      | XOM: butterfly on damage
   213 | D:1      | XOM: potion effect (agility)
   213 | D:1      | Slain by a hog (shapeshifter)

Levels and vault maps discovered:
D:1:      minmay_arrival_stone_box, layout_basic, hangedman_decor_push

Action                   || total
-------------------------++-------
Melee: Spear             ||    13
       Kick              ||     5
       Peck              ||     1
Armor: Leather armour    ||     2
Dodge: Dodged            ||     3
